 Dungeon Crawl Stone Soup version 0.30-a0-424-g7412bad402 (webtiles) character file.

Game seed: 2892794119344108210

3420 arthad the Ducker (level 10, -4/73 HPs)
             Began as a Djinni Transmuter on Dec 10, 2022.
             Was an Initiate of Okawaru.
             Slain by an orc warrior
             ... wielding a +0 long sword
              (15 damage)
             ... on level 7 of the Dungeon.
             The game lasted 00:19:10 (5537 turns).

arthad the Ducker (Djinni Transmuter)               Turns: 5537, Time: 00:19:11

Health: -4/73      AC: 10    Str: 11    XL:     10   Next: 25%
Gold:   487        EV: 14    Int: 20    God:    Okawaru [......] SH:  0 Dex: 13

rFire   + + +      SeeInvis .    k - +7 short sword "Hitta" {drain, rF+ Str+2}
rCold   x . .      Faith    .    v - orb {mayhem}
rNeg    + . .      Spirit   .    y - +3 leather armour {rN+}
rPois   ∞          Reflect  .    o - +2 helmet
rElec   .          Harm     .    (no cloak)
rCorr   .          Rampage  .    j - +0 pair of gloves
Will    ++...                    (boots unavailable)
Stlth   ++........               (no amulet)
HPRegen 0.32/turn                r - ring of willpower
MPRegen 0.00/turn                B - ring of protection from fire

@: flying, very slow
A: sickness immunity, fire resistance 2, cold vulnerability 1, float, innate
caster, HP casting, extra vitality 1
a: Renounce Religion


You were on level 7 of the Dungeon.
You worshipped Okawaru.
Okawaru was noncommittal.
You visited 2 branches of the dungeon, and saw 8 of its levels.

You collected 487 gold pieces.

Inventory:

Hand Weapons
 k - the +7 short sword "Hitta" (weapon) {drain, rF+ Str+2}
   (You found it on level 2 of the Dungeon)

   A truly terrible weapon, it drains the life of any living foe it strikes.
   Str:       It affects your strength (+2).
   rF:        It protects you from fire.
 n - the +3 spear "Wirouc" {venom, rElec rC+ rN+ Dex+3}
   (You took it off an orc on level 6 of the Dungeon)

   It poisons the flesh of those it strikes.
   Dex:       It affects your dexterity (+3).
   rC:        It protects you from cold.
   rElec:     It insulates you from electricity.
   rN:        It protects you from negative energy.
 x - a +1 rapier
Missiles
 w - 6 poisoned darts
Armour
 a - a +0 robe
 j - a +0 pair of gloves (worn)
 m - a +0 kite shield
 o - a +2 helmet (worn)
 v - an orb of mayhem (worn)
 y - a +3 leather armour of positive energy (worn)
Magical Staves
 z - a staff of cold
Jewellery
 d - an amulet of faith
 r - a ring of willpower (left hand)
 B - a ring of protection from fire (right hand)
Wands
 c - a wand of iceblast (11)
 q - a wand of acid (3)
Scrolls
 e - 3 scrolls of identify
 f - 4 scrolls of enchant armour
 h - 2 scrolls of noise
 l - a scroll of fog
 p - a scroll of summoning
 E - a scroll of teleportation
Potions
 b - 2 potions of lignification
 g - 2 potions of attraction {unknown}
 t - 2 potions of ambrosia {unknown}
 D - a potion of haste


   Skills:
 * Level 6.5 Fighting
 * Level 4.4 Short Blades
 + Level 2.2 Armour
 * Level 7.3 Dodging
 + Level 4.0 Stealth
 - Level 5.0 Unarmed Combat
 * Level 5.0 Spellcasting


You couldn't memorise any spells.
You knew the following spells:

 Your Spells              Type           Power      Damage    Failure   Level
a - Beastly Appendage     Tmut           50%        N/A       1%          1
b - Wereblood             Tmut           25%        N/A       2%          2
c - Spider Form           Tmut/Pois      25%        N/A       5%          3
d - Ice Form              Ice/Tmut       25%        N/A       19%         4
e - Slow                  Hex            100%       N/A       1%          1
f - Passwall              Tmut/Erth      20%        N/A       2%          2
g - Mephitic Cloud        Conj/Pois/Air  25%        N/A       5%          3
h - Animate Armour        Summ/Erth      50%        N/A       19%         4
Your spell library was empty.

Dungeon Overview and Level Annotations

Branches:
Dungeon (7/15)             Temple (1/1) D:6

Altars:
Ashenzari
Cheibriados
Dithmenos
Fedhas
Gozag
Makhleb
Okawaru
Ru
Trog
Xom
Yredelemnul
Zin
The Shining One

Shops:
D:3 (


Innate Abilities, Weirdness & Mutations

You are immune to sickness and miasma.
You are immune to poison.
Your flesh is very heat resistant. (rF++)
You are vulnerable to cold. (rC-)
You float through the air rather than walking.
You learn spells naturally, not from books.
Your magical power is your life essence.
You have superior vitality. (+4 MHP)


Message History

You completely miss the white imp.
Dowan gestures wildly while chanting.
Dowan blinks!
The white imp hits you but does no damage.
Unknown command.
You hit the white imp but do no damage.
You feel better. The white imp misses you.
An orc comes into view. It is wielding a +0 club.
You puncture the white imp!
The white imp is severely wounded.
The white imp hits you.
* * * LOW HITPOINT WARNING * * *
The white imp freezes you.
You feel a terrible chill!
* * * LOW HITPOINT WARNING * * *
You hit the white imp but do no damage.
The white imp is severely wounded.
The white imp hits you but does no damage.
You puncture the white imp!
You kill the white imp!
Okawaru accepts your kill.
The orc flies into a frenzy!
Dowan hits you but does no damage.
You closely miss Dowan.
Dowan is severely wounded.
The orc barely misses the orc.
Dowan barely misses you.
You hit Dowan but do no damage. You drain Dowan.
Dowan is almost dead.
The orc closely misses the orc.
The orc warrior hits you with a +0 long sword.
* * * LOW HITPOINT WARNING * * *
Dowan closely misses you.
You hit Dowan.
You kill Dowan!
Okawaru accepts your kill. The orc warrior misses you.
The orc hits the orc with a +0 club.
Your Stealth skill increases to level 4!
You feel better.
You hear the creaking of a very distant portcullis.
The orc completely misses the orc.
The orc hits you but does no damage.
The orc warrior hits you with a +0 long sword!
You die...

#...................
..
'..................#
...
##........#.........
...
##..##..##..###....
+## ##########'# ..#
........)#
.........#
.........# .##....@#
#...oo#
.........o.....
...............
...............
..#########.... .
.... ... ..


You could see an orc warrior, an orc and a neutral orc (fast, strong, insane,
distracted).

Vanquished Creatures
  Prince Ribbit (D:6)
  Sigmund (D:6)
  Eustachio (D:5)
  Duvessa (D:7)
  A water moccasin (D:6)
  4 orc warriors
  5 black bears
  3 ogres
  3 centaurs (D:6)
  A phantom (D:4)
  3 kobold brigands
  A bullfrog (D:6)
  A gnoll sergeant (D:5)
  A necrophage (D:5)
  2 wights (D:7)
  Dowan (D:7)
  A howler monkey (D:5)
  3 hounds
  3 orc priests
  2 iguanas (D:5)
  2 jellies
  4 orc wizards
  3 gnolls (D:5)
  7 adders
  3 white imps
  An ufetubus (D:5)
  2 worms
  A dart slug (D:2)
  23 orcs
  3 bats
  12 endoplasms
  4 giant cockroaches
  7 goblins
  7 hobgoblins
  3 jackals (D:2)
  3 quokkas
  4 ball pythons
  4 frilled lizards
  10 kobolds
  2 rats (D:1)
144 creatures vanquished.

Vanquished Creatures (collateral kills)
  A necrophage (D:5)
  A wight (D:7)
  An adder (D:6)
  4 orcs (D:6)
  3 kobolds (D:6)
10 creatures vanquished.

Vanquished Creatures (others)
  2 orcs (D:7)
  A plant (D:3)
3 creatures vanquished.

Grand Total: 157 creatures vanquished

Notes
Turn   | Place    | Note
-------+----------+-------------------------------------------
     0 | D:1      | arthad the Djinni Transmuter began the quest for the Orb.
     0 | D:1      | arthad set off with the following spells memorised: Beastly
                  | Appendage, Wereblood, Spider Form, Ice Form.
     0 | D:1      | Reached XP level 1. HP: 17/17 MP: 0/0
   286 | D:1      | Reached XP level 2. HP: 22/22 MP: 0/0
   764 | D:2      | Reached XP level 3. HP: 27/27 MP: 0/0
   764 | D:2      | Learned a level 1 spell: Slow
   870 | D:2      | Identified the +7 short sword "Hitta" {drain, rF+ Str+2}
   959 | D:2      | Found a faded altar of an unknown god.
  1422 | D:3      | Reached XP level 4. HP: 33/33 MP: 0/0
  1702 | D:3      | Reached skill level 1 in Stealth
  1716 | D:3      | Found Uxunueqoyf's Weapon Shop.
  1905 | D:4      | Reached skill level 3 in Dodging
  1968 | D:4      | Reached XP level 5. HP: 39/39 MP: 0/0
  1968 | D:4      | Learned a level 2 spell: Passwall
  1969 | D:4      | Noticed a phantom
  1985 | D:4      | Killed a phantom
  1997 | D:4      | Reached skill level 1 in Short Blades
  2062 | D:4      | Reached XP level 6. HP: 27/45 MP: 0/0
  2157 | D:4      | Noticed an orc warrior
  2178 | D:4      | Killed an orc warrior
  2325 | D:4      | Reached XP level 7. HP: 50/50 MP: 0/0
  2325 | D:4      | Learned a level 3 spell: Mephitic Cloud
  2486 | D:4      | Reached skill level 4 in Dodging
  2864 | D:5      | Entered Level 5 of the Dungeon
  3029 | D:5      | Noticed Eustachio
  3048 | D:5      | Killed Eustachio
  3049 | D:5      | Reached XP level 8. HP: 48/58 MP: 0/0
  3312 | D:5      | Reached skill level 5 in Dodging
  3488 | D:5      | Reached skill level 5 in Fighting
  3488 | D:5      | Reached XP level 9. HP: 29/65 MP: 0/0
  3488 | D:5      | Learned a level 4 spell: Animate Armour
  3844 | D:6      | Identified the +3 spear "Wirouc" {venom, rElec rC+ rN+
                  | Dex+3}
  3851 | D:6      | Reached skill level 6 in Dodging
  3942 | D:6      | Reached skill level 5 in Unarmed Combat
  4018 | D:6      | Found an opulent altar of Gozag.
  4021 | D:6      | Noticed Prince Ribbit
  4029 | D:6      | Killed Prince Ribbit
  4242 | D:6      | Reached skill level 1 in Armour
  4614 | D:6      | Noticed Sigmund
  4622 | D:6      | Killed Sigmund
  4736 | D:6      | Reached XP level 10. HP: 72/72 MP: 0/0
  4740 | D:6      | Found a staircase to the Ecumenical Temple.
  4749 | Temple   | Entered the Ecumenical Temple
  4793 | Temple   | Became a worshipper of Cheibriados the Contemplative
  5334 | D:7      | Was placed under penance by Cheibriados
  5335 | D:7      | Reached skill level 7 in Dodging
  5341 | D:7      | Was forgiven by Cheibriados
  5369 | D:7      | Found an iron altar of Okawaru.
  5382 | D:7      | Was placed under penance by Cheibriados
  5388 | D:7      | Fell from the grace of Cheibriados
  5407 | D:7      | Became a worshipper of Warmaster Okawaru
  5469 | D:7      | Reached skill level 5 in Spellcasting
  5511 | D:7      | Noticed Duvessa
  5512 | D:7      | Noticed Dowan
  5516 | D:7      | Killed Duvessa
  5527 | D:7      | Identified the +4 chain mail of Mirhac {Harm Str+7 SInv}
  5536 | D:7      | Killed Dowan
  5537 | D:7      | Slain by an orc warrior

Illustrated notes

Levels and vault maps discovered:
D:1:      lightli_arrival_isolated_outpost, layout_basic
D:2:      layout_loops_ring, shapermc_ecumenical_altar_starsandcircs,
          fountainhead, st_stairs_14
D:3:      layout_basic, serial_shops, nicolae_shop_trees,
          guppyfry_early_lair_pool
D:4:      cheibrodos_thug_alley, layout_rooms, guppyfry_early_orc_mine
D:5:      layout_basic, uniq_eustachio
D:6:      layout_basic, mainiacjoe_overflow_chevrons,
          minmay_temple_entry_offerings, uniq_sigmund, uniq_prince_ribbit1
D:7:      layout_gridville, amcnicky_altar_gilded, elyvilon_altar_1,
          okawaru_gym_becter, enter_bailey_5, st_stairs_5, uniq_duvessa
Temple:   nicolae_temple_ecumenical_triangle

Skill      XL: |  1  2  3  4  5  6  7  8  9 10 |
---------------+-------------------------------+-----
Fighting       | 2 3 4 5 6 |  6.5
Spellcasting   | 2 3 4 5 |  5.0
Stealth        | 1 2 3 4 |  4.0
Dodging        | 3 4 5 6 7 |  7.3
Short Blades   | 1 2 3 4 |  4.4
Unarmed Combat | 4 5 |  5.0
Armour         | 1 2 |  2.2

Action                   |  1- 3 |  4- 6 |  7- 9 | 10-12 || total
-------------------------+-------+-------+-------+-------++-------
Melee: Unarmed           |    46 |       |       |       ||    46
       Headbutt          |     8 |       |       |       ||     8
       Short sword       |    18 |    90 |   199 |    65 ||   372
       Punch             |       |     1 |       |       ||     1
Throw: Dart              |       |       |     4 |       ||     4
 Cast: Beastly Appendage |     7 |       |       |       ||     7
       Mephitic Cloud    |       |       |     7 |       ||     7
       Slow              |       |       |     8 |       ||     8
       Wereblood         |       |       |     3 |     1 ||     4
Evoke: Wand              |       |       |     7 |     5 ||    12
  Use: Potion            |     2 |     1 |     2 |     2 ||     7
       Scroll            |       |       |       |    10 ||    10
 Stab: Sleeping          |     1 |     1 |     3 |       ||     5
       Distracted        |     1 |       |       |       ||     1
       Confused          |       |       |     2 |       ||     2
Armor: Robe              |     9 |    11 |    17 |       ||    37
       Skin              |     4 |     2 |       |       ||     6
       Leather armour    |       |       |    45 |    30 ||    75
Dodge: Dodged            |    29 |    45 |   145 |    74 ||   293

Table legend: (Time is in decaauts)
 A = Elapsed time spent in this place.
 B = Non-inter-level travel time spent in this place.
 C = Inter-level travel time spent in this place.
 D = Time resting spent in this place.
 E = Time spent auto-exploring this place.
 F = Levels seen in this place.
 G = Mean time per level.
                   A        B        C        D        E       F      G
               +--------+--------+--------+--------+--------+-----+--------+
         Total |   5667 |   5468 |    199 |    771 |   3539 |   8 |  708.4 |
       Dungeon |   5611 |   5429 |    182 |    771 |   3507 |   7 |  801.6 |
        Temple |     55 |     38 |     17 |      0 |     32 |   1 |   55.0 |
               +--------+--------+--------+--------+--------+-----+--------+

Top non-repeatable levels by time:
     D:6: 1552 daAuts
     D:4: 1152 daAuts
     D:5: 803 daAuts
     D:1: 738 daAuts
     D:2: 664 daAuts
     D:3: 447 daAuts
     D:7: 252 daAuts
  Temple: 55 daAuts
